| TOP OF THE 1ST |
|
Reno Aces batting - Pitching for Indianapolis Indians : LHP Martin Garcia
|
|
Pitching: LHP Martin Garcia
|
|
|
Batting: RHB Scott Travis
|
0-0: Bunted foul 0-1: Ball 1-1: Fly out, F7 (Flyball, 78D, EV 87.5 MPH)
|
|
Batting: RHB Juan Espinoza
|
0-0: Ball 1-0: Called Strike 1-1: Ball 2-1: Foul Ball, location: 2F 2-2: Ground out 6-3 (Groundball, 6, EV 84.4 MPH)
|
|
Batting: RHB Israel Gaona
|
0-0: Called Strike 0-1: Swinging Strike 0-2: Ball 1-2: Ball 2-2: Ball 3-2: SINGLE (Groundball, 5S, EV 70.0 MPH) (infield hit)
|
|
Batting: SHB Troy Maynard
|
0-0: Called Strike 0-1: Called Strike 0-2: Ball Israel Gaona steals 2nd base (no throw) 1-2: Ball 2-2: Strikes out swinging
|
| Top of the 1st over - 0 runs, 1 hit, 0 errors, 1 left on base; Reno 0 - Indianapolis 0 |
| BOTTOM OF THE 1ST |
|
Indianapolis Indians batting - Pitching for Reno Aces : LHP Murphy Quirk
|
|
Pitching: LHP Murphy Quirk
|
|
|
Batting: RHB Caleb Russell
|
0-0: Ball 1-0: Ball 2-0: Ground out 5-3 (Groundball, 5, EV 104.4 MPH)
|
|
Batting: RHB David Contreras
|
0-0: Ground out 4-3 (Groundball, 4MS, EV 89.4 MPH)
|
|
Batting: RHB Mike Cochran
|
0-0: Fly out, F8 (Line Drive, 8RD, EV 103.8 MPH)
|
| Bottom of the 1st over - 0 runs, 0 hits, 0 errors, 0 left on base; Reno 0 - Indianapolis 0 |
| TOP OF THE 2ND |
|
Reno Aces batting - Pitching for Indianapolis Indians : LHP Martin Garcia
|
|
Batting: RHB Alex Vasquez
|
0-0: Ball 1-0: Ground out 2-3 (Groundball, 15S, EV 65.0 MPH)
|
|
Batting: RHB Shane Smith
|
0-0: Called Strike 0-1: Ground out 3-1 (Groundball, 34, EV 91.2 MPH)
|
|
Batting: RHB Tai Joo
|
0-0: SINGLE (Line Drive, 89S, EV 96.2 MPH)
|
|
Batting: RHB Paul Van Gilder
|
0-0: Called Strike 0-1: Foul Ball, location: 2F 0-2: Ball 1-2: Ball 2-2: Foul Ball, location: 2F 2-2: Strikes out swinging
|
| Top of the 2nd over - 0 runs, 1 hit, 0 errors, 1 left on base; Reno 0 - Indianapolis 0 |
| BOTTOM OF THE 2ND |
|
Indianapolis Indians batting - Pitching for Reno Aces : LHP Murphy Quirk
|
|
Batting: LHB Pat Sutton
|
0-0: Called Strike 0-1: Fly out, F7 (Flyball, 7, EV 93.1 MPH)
|
|
Batting: SHB Ben Myers
|
0-0: Ball 1-0: Fly out, F9 (Flyball, 9D, EV 93.8 MPH)
|
|
Batting: RHB Kirk Seiffert
|
0-0: Ball 1-0: Called Strike 1-1: Foul Ball, location: 2F 1-2: Ball 2-2: Ball 3-2: Ground out 4-3 (Groundball, 4, EV 106.9 MPH)
|
| Bottom of the 2nd over - 0 runs, 0 hits, 0 errors, 0 left on base; Reno 0 - Indianapolis 0 |
| TOP OF THE 3RD |
|
Reno Aces batting - Pitching for Indianapolis Indians : LHP Martin Garcia
|
|
Batting: LHB Josh Kirk
|
0-0: Called Strike 0-1: Ball 1-1: Ball 2-1: Swinging Strike 2-2: Ball 3-2: Ground out 5-3 (Groundball, 56, EV 109.4 MPH)
|
|
Batting: RHB Scott Travis
|
0-0: Called Strike 0-1: SINGLE (Groundball, 56D, EV 94.4 MPH)
|
|
Batting: RHB Juan Espinoza
|
0-0: Called Strike 0-1: Ball 1-1: Fly out, F9 (Line Drive, 9, EV 99.4 MPH)
|
|
Batting: RHB Israel Gaona
|
0-0: Ground out 6-3 (Groundball, 6S, EV 90.0 MPH)
|
| Top of the 3rd over - 0 runs, 1 hit, 0 errors, 1 left on base; Reno 0 - Indianapolis 0 |
| BOTTOM OF THE 3RD |
|
Indianapolis Indians batting - Pitching for Reno Aces : LHP Murphy Quirk
|
|
Batting: LHB Jorge Quintana
|
0-0: Ball 1-0: Ball 2-0: Foul Ball, location: 2F 2-1: Fly out, F5 (Popup, 5SF, EV 70.6 MPH)
|
|
Batting: RHB Jorge Cruz
|
0-0: Swinging Strike 0-1: Swinging Strike 0-2: Ball 1-2: Fly out, F4 (Line Drive, 4, EV 72.5 MPH)
|
|
Batting: RHB Slamet Pamungkas
|
0-0: Ball 1-0: Ball 2-0: Called Strike 2-1: Fly out, F6 (Line Drive, 6, EV 65.0 MPH)
|
| Bottom of the 3rd over - 0 runs, 0 hits, 0 errors, 0 left on base; Reno 0 - Indianapolis 0 |
| TOP OF THE 4TH |
|
Reno Aces batting - Pitching for Indianapolis Indians : LHP Martin Garcia
|
|
Batting: SHB Troy Maynard
|
0-0: Called Strike 0-1: Foul Ball, location: 2F 0-2: Ball 1-2: SINGLE (Line Drive, 6MD, EV 97.5 MPH)
|
|
Batting: RHB Alex Vasquez
|
0-0: Called Strike 0-1: Grounds into double play, U3-6 (Groundball, 3L, EV 100.6 MPH)
|
|
Batting: RHB Shane Smith
|
0-0: Called Strike 0-1: Hit by Pitch
|
|
Batting: RHB Tai Joo
|
0-0: Fly out, F9 (Flyball, 9D, EV 87.5 MPH)
|
| Top of the 4th over - 0 runs, 1 hit, 0 errors, 1 left on base; Reno 0 - Indianapolis 0 |
| BOTTOM OF THE 4TH |
|
Indianapolis Indians batting - Pitching for Reno Aces : LHP Murphy Quirk
|
|
Batting: RHB Caleb Russell
|
0-0: Ball 1-0: Foul Ball, location: 2F 1-1: Ball 2-1: Ground out 5-3 (Groundball, 5, EV 81.9 MPH)
|
|
Batting: RHB David Contreras
|
0-0: Ball 1-0: Ball 2-0: Called Strike 2-1: Ball 3-1: Swinging Strike 3-2: Strikes out looking
|
|
Batting: RHB Mike Cochran
|
0-0: Called Strike 0-1: Ground out 6-3 (Groundball, 6, EV 103.1 MPH)
|
| Bottom of the 4th over - 0 runs, 0 hits, 0 errors, 0 left on base; Reno 0 - Indianapolis 0 |
| TOP OF THE 5TH |
|
Reno Aces batting - Pitching for Indianapolis Indians : LHP Martin Garcia
|
|
Batting: RHB Paul Van Gilder
|
0-0: Ball 1-0: Swinging Strike 1-1: Ball 2-1: Ground out 6-3 (Groundball, 6, EV 82.5 MPH)
|
|
Batting: LHB Josh Kirk
|
0-0: Ball 1-0: Ground out 4-3 (Groundball, 4M, EV 105.6 MPH)
|
|
Batting: RHB Scott Travis
|
0-0: Called Strike 0-1: Foul Ball, location: 2F 0-2: SINGLE (Groundball, 6MD, EV 98.1 MPH)
|
|
Batting: RHB Juan Espinoza
|
0-0: Ball 1-0: Called Strike 1-1: Called Strike Scott Travis steals 2nd base 1-2: Ball 2-2: Foul Ball, location: 2F 2-2: Fly out, F8 (Line Drive, 8LD, EV 86.2 MPH)
|
| Top of the 5th over - 0 runs, 1 hit, 0 errors, 1 left on base; Reno 0 - Indianapolis 0 |
| BOTTOM OF THE 5TH |
|
Indianapolis Indians batting - Pitching for Reno Aces : LHP Murphy Quirk
|
|
Batting: LHB Pat Sutton
|
0-0: Foul Ball, location: 2F 0-1: Swinging Strike 0-2: Ball 1-2: Ball 2-2: Ball 3-2: Foul Ball, location: 2F 3-2: Strikes out looking
|
|
Batting: SHB Ben Myers
|
0-0: Swinging Strike 0-1: Ball 1-1: Ground out 5-3 (Groundball, 56, EV 82.5 MPH)
|
|
Batting: RHB Kirk Seiffert
|
0-0: Ball 1-0: Hit by Pitch
|
|
Batting: LHB Jorge Quintana
|
0-0: Ball 1-0: Ball 2-0: Foul Ball, location: 2F 2-1: Ground out 4-3 (Groundball, 4, EV 109.4 MPH)
|
| Bottom of the 5th over - 0 runs, 0 hits, 0 errors, 1 left on base; Reno 0 - Indianapolis 0 |
| TOP OF THE 6TH |
|
Reno Aces batting - Pitching for Indianapolis Indians : LHP Martin Garcia
|
|
Batting: RHB Israel Gaona
|
0-0: Called Strike 0-1: SINGLE (Groundball, 3D, EV 103.1 MPH)
|
|
Batting: SHB Troy Maynard
|
0-0: Ball 1-0: Called Strike 1-1: Ball 2-1: Foul Ball, location: 2F 2-2: Ball 3-2: Fly out, F9 (Flyball, 89D, EV 90.0 MPH)
|
|
Batting: RHB Alex Vasquez
|
0-0: Ball Israel Gaona steals 2nd base (no throw) 1-0: Called Strike 1-1: SINGLE (Flyball, 8RS, EV 92.5 MPH) Israel Gaona to third
|
|
DELAY
|
Rain delay of 69 minutes in the 6th inning.
|
|
Pitching: RHP Juan Lucero
|
|
|
Pinch Hitting: RHB Jon Solano
|
0-0: Swinging Strike 0-1: Ball 1-1: Swinging Strike 1-2: Strikes out looking
|
|
Pinch Hitting: LHB Ruben Rocha
|
0-0: Swinging Strike 0-1: Ball 1-1: Ball Wild Pitch! Israel Gaona scores Alex Vasquez to second 2-1: Swinging Strike 2-2: Strikes out looking
|
| Top of the 6th over - 1 run, 2 hits, 0 errors, 1 left on base; Reno 1 - Indianapolis 0 |
| BOTTOM OF THE 6TH |
|
Indianapolis Indians batting - Pitching for Reno Aces : LHP Murphy Quirk
|
|
Now at 2B: Jon Solano
|
|
|
Now at 3B: Scott Travis
|
|
|
Now in RF: Joe Smack
|
|
|
Batting: RHB Jorge Cruz
|
0-0: Called Strike 0-1: Ball 1-1: Ball 2-1: Foul Ball, location: 2F 2-2: Ball 3-2: Ground out 6-3 (Groundball, 6S, EV 95.0 MPH)
|
|
Pitching: RHP Stanford Placard
|
|
|
Batting: RHB Slamet Pamungkas
|
0-0: Called Strike 0-1: Ball 1-1: Ball 2-1: Ball 3-1: Foul Ball, location: 2F 3-2: Fly out, F3 (Line Drive, 3, EV 63.1 MPH)
|
|
Batting: RHB Caleb Russell
|
0-0: Ball 1-0: Ground out 6-3 (Groundball, 56, EV 100.0 MPH)
|
| Bottom of the 6th over - 0 runs, 0 hits, 0 errors, 0 left on base; Reno 1 - Indianapolis 0 |
| TOP OF THE 7TH |
|
Reno Aces batting - Pitching for Indianapolis Indians : RHP Juan Lucero
|
|
Batting: RHB Paul Van Gilder
|
0-0: Ball 1-0: Fly out, F7 (Line Drive, 7, EV 89.4 MPH)
|
|
Batting: LHB Josh Kirk
|
0-0: Ball 1-0: Ground out 3-1 (Groundball, 34S, EV 85.6 MPH)
|
|
Batting: RHB Scott Travis
|
0-0: Ball 1-0: Swinging Strike 1-1: Ball 2-1: Swinging Strike 2-2: Strikes out looking
|
| Top of the 7th over - 0 runs, 0 hits, 0 errors, 0 left on base; Reno 1 - Indianapolis 0 |
| BOTTOM OF THE 7TH |
|
Indianapolis Indians batting - Pitching for Reno Aces : RHP Stanford Placard
|
|
Pitching: RHP Jarrod Kenny
|
|
|
Batting: RHB David Contreras
|
0-0: Ground out 6-3 (Groundball, 6S, EV 90.0 MPH)
|
|
Batting: RHB Mike Cochran
|
0-0: Ground out 6-3 (Groundball, 6, EV 103.1 MPH)
|
|
Batting: LHB Pat Sutton
|
0-0: Ball 1-0: Called Strike 1-1: Foul Ball, location: 2F 1-2: SOLO HOME RUN (Flyball, 8LXD, EV 115.0 MPH), Distance : 457 ft
|
|
Batting: SHB Ben Myers
|
0-0: Foul Ball, location: 2F 0-1: Foul Ball, location: 2F 0-2: Foul Ball, location: 2F 0-2: Ball 1-2: Strikes out swinging
|
| Bottom of the 7th over - 1 run, 1 hit, 0 errors, 0 left on base; Reno 1 - Indianapolis 1 |
| TOP OF THE 8TH |
|
Reno Aces batting - Pitching for Indianapolis Indians : RHP Juan Lucero
|
|
Pinch Hitting: LHB Chris Escobar
|
0-0: Called Strike 0-1: Foul Ball, location: 2F 0-2: Foul Ball, location: 2F 0-2: Ball 1-2: Strikes out looking
|
|
Batting: RHB Israel Gaona
|
0-0: Swinging Strike 0-1: Called Strike 0-2: Ball 1-2: Ground out 5-3 (Groundball, 5, EV 86.9 MPH)
|
|
Batting: SHB Troy Maynard
|
0-0: Ball 1-0: Called Strike 1-1: Called Strike 1-2: Strikes out looking
|
| Top of the 8th over - 0 runs, 0 hits, 0 errors, 0 left on base; Reno 1 - Indianapolis 1 |
| BOTTOM OF THE 8TH |
|
Indianapolis Indians batting - Pitching for Reno Aces : RHP Jarrod Kenny
|
|
Pitching: RHP Nick Burcham
|
|
|
Now in LF: Joe Smack
|
|
|
Now in RF: Bill Morgan
|
|
|
Batting: RHB Kirk Seiffert
|
0-0: DOUBLE (Groundball, 3L, EV 106.9 MPH)
|
|
Batting: LHB Jorge Quintana
|
0-0: Intentional Walk
|
|
Pinch Hitting: SHB Louie Horne
|
0-0: Foul Ball, location: 2F 0-1: Ball Kirk Seiffert steals 3rd base Jorge Quintana to second 1-1: Intentional Walk
|
|
Batting: RHB Slamet Pamungkas
|
0-0: Swinging Strike 0-1: Ball 1-1: SINGLE (Groundball, 6, EV 107.5 MPH) Kirk Seiffert scores Jorge Quintana to third Louie Horne to second Runner from 3rd tries for Home, SAFE, throw by LF to home
|
|
Batting: RHB Caleb Russell
|
0-0: Ball 1-0: Swinging Strike 1-1: Swinging Strike 1-2: Ball 2-2: Foul Ball, location: 2F 2-2: Foul Ball, location: 2F 2-2: Strikes out swinging
|
|
Batting: RHB David Contreras
|
0-0: Ball 1-0: TRIPLE (Flyball, 89XD, EV 93.8 MPH) Louie Horne scores Slamet Pamungkas scores
|
|
Pitching: RHP Brad Brown
|
|
|
Batting: RHB Mike Cochran
|
0-0: Ball 1-0: Ball 2-0: Foul Ball, location: 2F 2-1: Ball 3-1: DOUBLE (Flyball, 89XD, EV 106.9 MPH) David Contreras scores
|
|
Batting: LHB Pat Sutton
|
0-0: Called Strike 0-1: Called Strike 0-2: Ball 1-2: Strikes out swinging
|
|
Batting: SHB Ben Myers
|
0-0: Ball 1-0: Foul Ball, location: 2F 1-1: Ball 2-1: DOUBLE (Line Drive, 7LD, EV 100.0 MPH) Mike Cochran scores
|
|
Batting: RHB Kirk Seiffert
|
0-0: Ball 1-0: Foul Ball, location: 2F 1-1: Ball 2-1: Ball 3-1: Foul Ball, location: 2F 3-2: Foul Ball, location: 2F 3-2: Foul Ball, location: 2F 3-2: Ground out 1-3 (Groundball, 13, EV 73.1 MPH)
|
| Bottom of the 8th over - 6 runs, 5 hits, 0 errors, 1 left on base; Reno 1 - Indianapolis 7 |
| TOP OF THE 9TH |
|
Reno Aces batting - Pitching for Indianapolis Indians : RHP Juan Lucero
|
|
Now at C: Ramon Morales
|
|
|
Batting: RHB Alex Vasquez
|
0-0: Ball 1-0: Swinging Strike 1-1: Swinging Strike 1-2: Strikes out swinging
|
|
Batting: RHB Jon Solano
|
0-0: Called Strike 0-1: Foul Ball, location: 2F 0-2: Ball 1-2: Ball 2-2: SINGLE (Line Drive, 3L, EV 100.6 MPH)
|
|
Batting: RHB Joe Smack
|
0-0: Ball 1-0: Foul Ball, location: 2F 1-1: Ball 2-1: Grounds into double play, 6-4-3 (Groundball, 6, EV 100.6 MPH)
|
| Top of the 9th over - 0 runs, 1 hit, 0 errors, 0 left on base; Reno 1 - Indianapolis 7 |
|